Map: Ulrena

Players

Evanz

  • Race: Protoss Protoss

LilDicky - Winner!

  • Race: Protoss Protoss
  • League: Diamond

VOD

http://www.twitch.tv/tumescentpie

Description

Time

  • Played on: Jan. 4, 2016, 4:32 a.m.
  • Length: 6:52
Show
View Real Time Build Order
Export as new Build Order

Evanz Protoss 

Build Orders:  

Get SALT Encoding   

  12  0:02  Probe (Chrono Boost)  
  13  0:12  Probe (Chrono Boost)  
  14  0:23  Probe (Chrono Boost)  
  15  0:36  Pylon  
  15  0:54  Probe (Chrono Boost), Gateway  
  15  0:58  Assimilator  
  15  1:04  Probe (Chrono Boost)  
  15  1:06  Assimilator  
  16  1:15  Probe (Chrono Boost)  
  17  1:19  Pylon  
  18  1:25  Probe (Chrono Boost)  
  18  1:36  Probe (Chrono Boost)  
  19  1:47  Probe (Chrono Boost)  
  20  2:06  Zealot  
  20  2:51  Cybernetics Core  
  20  3:32  Mothership Core (Chrono Boost)  
  20  3:54  Warp Gate (Chrono Boost)  
  12  4:32  Twilight Council  
  12  5:09  Dark Shrine  
  12  5:11  Probe  
  13  5:25  Gateway  
  13  5:29  Gateway  
  13  5:42  Gateway  
  13  6:01  Pylon  
  13  6:21  Dark Templar  
  13  6:24  Dark Templar  
Show
View Real Time Build Order
Export as new Build Order

LilDicky Protoss - Winner!

Build Orders:  

Get SALT Encoding   

  12  0:01  Probe (Chrono Boost)  
  13  0:12  Probe (Chrono Boost)  
  14  0:21  Pylon  
  14  0:22  Probe (Chrono Boost)  
  15  0:39  Probe (Chrono Boost)  
  16  0:46  Forge  
  16  0:50  Probe (Chrono Boost)  
  17  1:03  Pylon  
  17  1:12  Probe (Chrono Boost)  
  17  1:23  Probe (Chrono Boost)  
  18  1:32  Photon Cannon  
  18  1:33  Probe (Chrono Boost)  
  19  1:47  Pylon  
  19  1:57  Photon Cannon  
  18  2:02  Photon Cannon  
  18  2:18  Pylon  
  18  2:20  Probe (Chrono Boost)  
  19  2:25  Photon Cannon  
  19  2:31  Photon Cannon  
  19  2:32  Pylon  
  19  2:39  Probe (Chrono Boost)  
  19  2:49  Gateway  
  19  2:55  Probe (Chrono Boost)  
  20  2:59  Assimilator  
  20  3:02  Pylon  
  20  3:09  Pylon  
  20  3:15  Pylon  
  20  3:34  Pylon  
  20  3:39  Photon Cannon  
  19  3:41  Probe (Chrono Boost)  
  20  3:52  Cybernetics Core, Probe (Chrono Boost)  
  22  4:02  Probe (Chrono Boost)  
  22  4:28  Warp Gate (Chrono Boost)  
  22  4:30  Gateway  
  22  4:33  Gateway  
  22  4:35  Gateway  
  22  4:38  Gateway  
  22  4:43  Assimilator  
  22  4:54  Mothership Core  
  24  5:01  Photon Cannon  
  24  5:21  Pylon  
  24  5:30  Gateway  
  24  5:33  Pylon  
  24  5:42  Pylon  
  24  5:49  Photon Cannon  
  24  6:20  Stalker x4  
  32  6:33  Adept  
  34  6:48  Adept x2  
  34  6:49  Adept x2  
Tags
 
Add a new tag
Caveats
  • Supply blocks, unpowered buildings, or Contaminate may cause inaccurate times.
  • Supply counts are checked every 10 seconds.